 Yiufcrawl Soup (a DCSS fork) version 1.4.3-12-g4539fca (webtiles) character file.

107 AlphabetPasta the Insei (level 4, 0/29 HPs)
             Began as a Sludge Elf Transmuter on Mar 11, 2017.
             Succumbed to an adder's poison
             ... on level 2 of the Dungeon.
             The game lasted 00:09:07 (2267 turns).

AlphabetPasta the Insei (Sludge Elf Transmuter)     Turns: 2267, Time: 00:09:08

Health: 0/29       AC:  2    Str: 12    XL:     4   Next: 57%
Magic:  4/9        EV: 20    Int: 17    God:
Gold:   28         SH:  0    Dex: 19    Spells: 2/8 levels left

rFire    . . .     SeeInvis .     - Unarmed
rCold    . . .     Gourm    .   (armour currently unavailable)
rNeg     . . .     Faith    .   (shield currently unavailable)
rPois    x         Spirit   .   (helmet currently unavailable)
rElec    .         Reflect  .   (cloak currently unavailable)
rCorr    .         Harm     .   (gloves currently unavailable)
MR       .....                  (boots currently unavailable)
Stlth    ++........             (no amulet)
Regen    0.1/turn               (no ring)
MPRegen  0.2/turn               (no ring)

@: brilliant, lethally poisoned (0 -> -5), spider-form, very slightly
contaminated
A: evolution 1
a: End Transformation


You were on level 2 of the Dungeon.
You were not hungry.
You were a venomous arachnid creature.
You visited 1 branch of the dungeon, and saw 2 of its levels.

You collected 28 gold pieces.

Inventory:

Missiles
 a - 28 arrows
 f - 2 tomahawks (quivered)
Armour
 b - a +0 robe (melded)
 e - a cursed +0 helmet
Potions
 i - a potion of brilliance
Books
 c - a book of Changes

   Spells                             Type                      Level
   a - Beastly Appendage              Transmutation                1
   b - Sticks to Snakes               Transmutation                2
   c - Spider Form                    Transmutation/Poison         3
   d - Ice Form                       Ice/Transmutation            4
   e - Blade Hands                    Transmutation                5
Comestibles
 d - 2 bread rations
 h - a royal jelly
 j - 4 fruits


   Skills:
 + Level 1.8 Fighting
 + Level 1.7 Throwing
 + Level 2.5 Dodging
 * Level 4.1 Unarmed Combat
 + Level 2.7 Spellcasting
 * Level 3.1 Transmutations
 + Level 0.4 Poison Magic


You had 2 spell levels left.
You knew the following spells:

 Your Spells              Type           Power        Failure   Level  Hunger
a - Beastly Appendage     Tmut           ###...       2%          1    #......
b - Sticks to Snakes      Tmut           ###.....     3%          2    ##.....
c - Spider Form           Tmut/Pois      ###.......   6%          3    ###....


Dungeon Overview and Level Annotations

Branches:
Dungeon (2/15)

Altars:
Hepliaklqana
Qazlal


Innate Abilities, Weirdness & Mutations

You evolve.


Message History

You feel clever all of a sudden.
Your transformation is almost over.
* * * LOW HITPOINT WARNING * * *
You feel sick.
Casting: Beastly Appendage
Confirm with . or Enter, or press ? or * to list all spells.
Your talons disappear.
You turn into a venomous arachnid creature.
Your +0 robe melds into your body.
* * * LOW HITPOINT WARNING * * *
You feel sick.
* * * LOW HITPOINT WARNING * * *
You feel sick.
You see here an adder corpse.
* * * LOW HITPOINT WARNING * * *
You feel sick.
* * * LOW HITPOINT WARNING * * *
You feel sick.
* * * LOW HITPOINT WARNING * * *
You feel sick.
You die...

#.# #.### *,******## #.# ##†##
*,* #####.# #####...######*,*
8##...# #..[..#......#*,* ..#####
#.###...####.#*,* #._#
#..............,* ..##
#.####.#####)##** 8## *,*
#.#####.##*** ##*** *,*
#.s.......,,* ,,,,* *,*
####....##*,* ,**,* *,*
**,*##.#**,* ***,**** *,*
**,**,,,,**,**
,,,,,,,***,****,***,*,*,,,,******
***,,,,,,,,,,,,,,,,,,,*,,*,,,,,,,
****,********,***,*,*,,,,******
*,,,,,,,***,**,*,,***** *******,*
**,*,*,**


There were no monsters in sight!

Vanquished Creatures
  3 gnolls
  4 adders (D:2)
  2 dart slugs
  A leopard gecko (D:2)
  A ball python (D:1)
  3 bats (D:1)
  5 goblins
  3 hobgoblins (D:2)
  4 jackals (D:1)
  6 kobolds
  A quokka (D:2)
  3 rats (D:1)
36 creatures vanquished.

Notes
Turn   | Place    | Note
-------+----------+-------------------------------------------
     0 | D:1      | AlphabetPasta the Sludge Elf Transmuter began the quest for the Orb.
     0 | D:1      | Reached XP level 1. HP: 13/13 MP: 4/4
   285 | D:1      | Reached XP level 2. HP: 12/18 MP: 4/6
   289 | D:1      | Learned a level 2 spell: Sticks to Snakes
  1097 | D:2      | Learned a level 2 spell: Sticks to Snakes
  1248 | D:2      | Reached XP level 3. HP: 19/23 MP: 5/7
  1273 | D:1      | Reached skill level 1 in Throwing
  1547 | D:2      | Reached skill level 4 in Unarmed Combat
  1554 | D:2      | Learned a level 3 spell: Spider Form
  1744 | D:2      | Reached XP level 4. HP: 23/29 MP: 6/8
  2159 | D:2      | Found a stormy altar of Qazlal.
  2165 | D:2      | Found a hazy altar of Hepliaklqana.
  2265 | D:2      | HP: 1/29 [poisoned by an adder]
  2267 | D:2      | Succumbed to an adder's poison

Skill      XL: |  1  2  3 |
---------------+----------+-----
Throwing       | 1 |  1.7
Unarmed Combat | 4 |  4.1
Transmutations | 3 |  3.1
Fighting       | |  1.8
Dodging        | |  2.5
Spellcasting   | |  2.7
Poison Magic   | |  0.4

Action                   |  1- 3 |  4- 6 || total
-------------------------+-------+-------++-------
Melee: Unarmed           |   113 |    35 ||   148
       Kick              |     5 |     6 ||    11
       Headbutt          |     8 |       ||     8
       Punch             |       |     1 ||     1
Throw: Tomahawk          |     2 |       ||     2
 Cast: Beastly Appendage |    13 |     5 ||    18
       Sticks to Snakes  |     1 |       ||     1
       Spider Form       |       |     1 ||     1
  Use: Scroll            |     7 |     1 ||     8
       Potion            |     1 |     1 ||     2
 Stab: Sleeping          |     1 |     1 ||     2
  Eat: Chunk             |     1 |     2 ||     3
       Royal jelly       |     1 |       ||     1
Armor: Robe              |    20 |     1 ||    21
Dodge: Dodged            |    73 |    27 ||   100
